 Dungeon Crawl Stone Soup version 0.29.1-14-g9c671dbff4 (webtiles) character file.

Game seed: 17682970425506825329

805 leafyfresh the Covert (level 7, -1/60 HPs)
             Began as a Gnoll Delver on Feb 13, 2023.
             Was an Elder of Cheibriados.
             Slain by an ogre
             ... wielding a +0 giant spiked club
              (24 damage)
             ... on level 6 of the Dungeon.
             The game lasted 00:07:29 (5587 turns).

leafyfresh the Covert (Gnoll Delver)                Turns: 5587, Time: 00:07:30

Health: -1/60      AC:  5    Str: 20    XL:     7   Next: 91%
Magic:  3/3        EV: 16    Int: 18    God:    Cheibriados [****..]
Gold:   240        SH:  0    Dex: 25    Spells: 5/11 levels left

rFire   . . .      SeeInvis +   o - +2 spear (antimagic)
rCold   . . .      Faith    .   (no shield)
rNeg    . . .      Spirit   .   b - +0 leather armour
rPois   .          Reflect  .   J - +0 helmet
rElec   .          Harm     .   C - scarf {+Inv}
rCorr   .          Rampage  .   (no gloves)
Will    .....                   q - +0 pair of boots
Stlth   +++++.....              (no amulet)
HPRegen 0.20/turn               h - +4 ring of slaying
MPRegen 0.08/turn               k - ring of see invisible

@: very slow
A: fangs 1, strong nose, distributed training
a: Renounce Religion, Evoke Invisibility, Bend Time, Temporal Distortion, Slouch


You were on level 6 of the Dungeon.
You worshipped Cheibriados.
Cheibriados was greatly pleased with you.
You visited 1 branch of the dungeon, and saw 6 of its levels.
You also visited: Sewer.

You collected 240 gold pieces.

Inventory:

Hand Weapons
 a - a +0 short sword
 o - a +2 antimagic spear (weapon)
 I - a +0 sling
Armour
 b - a +0 leather armour (worn)
 q - a +0 pair of boots (worn)
 C - a scarf of invisibility (worn)
 J - a +0 helmet (worn)
Magical Staves
 m - a staff of cold
Jewellery
 h - a +4 ring of slaying (left hand)
 k - a ring of see invisible (right hand)
 L - a ring of fire
 N - a ring of flight
Wands
 g - a wand of digging (8)
 n - a wand of iceblast (21)
 t - a wand of flame (41)
 y - a wand of light (9)
 K - a wand of charming (5)
Scrolls
 c - 2 scrolls of fog
 d - a scroll of brand weapon {unknown}
 e - a scroll of fear
 i - a scroll of enchant armour {unknown}
 p - 7 scrolls of identify
 u - 3 scrolls of teleportation
 v - a scroll of acquirement {unknown}
 w - 2 scrolls of blinking {unknown}
 z - 3 scrolls of poison {unknown}
 B - 2 scrolls of amnesia {unknown}
 D - a scroll of vulnerability {unknown}
 E - a scroll of silence {unknown}
 M - a scroll of noise {unknown}
 O - a scroll of torment {unknown}
Potions
 f - a potion of haste
 j - 5 potions of might {unknown}
 l - a potion of lignification {unknown}
 r - a potion of mutation {unknown}
 s - 2 potions of heal wounds {unknown}
 x - 3 potions of attraction {unknown}
 A - a potion of brilliance {unknown}
 F - a potion of experience {unknown}
 G - 3 potions of ambrosia {unknown}
 H - a potion of curing {unknown}
 P - a potion of berserk rage {unknown}


   Skills:
 + Level 7.2 Fighting
 + Level 5.4 Short Blades
 + Level 2.9 Long Blades
 + Level 2.9 Axes
 + Level 2.9 Maces & Flails
 + Level 2.9 Polearms
 + Level 2.9 Staves
 + Level 2.9 Ranged Weapons
 + Level 2.9 Throwing
 + Level 2.9 Armour
 + Level 5.4 Dodging
 + Level 10.0 Stealth
 + Level 2.9 Shields
 + Level 2.9 Unarmed Combat
 + Level 2.9 Spellcasting
 + Level 2.3 Conjurations
 + Level 2.3 Hexes
 + Level 2.3 Summonings
 + Level 2.3 Necromancy
 + Level 2.3 Translocations
 + Level 2.3 Transmutations
 + Level 2.3 Fire Magic
 + Level 2.3 Ice Magic
 + Level 2.3 Air Magic
 + Level 2.3 Earth Magic
 + Level 2.3 Poison Magic
 + Level 3.2 Invocations
 + Level 2.9 Evocations


You had 5 spell levels left.
You knew the following spells:

 Your Spells              Type           Power      Damage    Failure   Level
a - Frozen Ramparts       Ice            22%        1d4       22%         3
b - Mephitic Cloud        Conj/Pois/Air  11%        N/A       22%         3

Your spell library contained the following spells:

 Spells                   Type           Power      Damage    Failure   Level
 Freeze                   Ice            44%        1d6       7%          1
 Sting                    Tmut/Pois      44%        1d5       7%          1
 Corpse Rot               Necr/Pois/Air  11%        N/A       56%         4
 Hailstorm                Conj/Ice       11%        3d5       56%         4
 Summon Mana Viper        Hex/Summ       11%        N/A       89%         5


Dungeon Overview and Level Annotations

Branches:
Dungeon (6/15)             Temple (0/1) D:5           Sewer (visited)

Altars:
Ashenzari
Cheibriados
Elyvilon
Gozag
Hepliaklqana
Kikubaaqudgha
Makhleb
Nemelex Xobeh
Qazlal
Trog
Vehumet
Yredelemnul
The Shining One

Annotations:
D:5 1 runed translucent door, AverageBear's ghost, amateur DsFi


Innate Abilities, Weirdness & Mutations

You have very sharp teeth.
Your uncanny sense of smell can sniff out nearby items.
Your experience applies equally to all skills.


Message History

You feel sick. The adder closely misses you.
The orc wizard hits you but does no damage.
You puncture the orc wizard!
You kill the orc wizard!
Cheibriados thoroughly appreciates the change of pace.
You feel sick. The adder bites you but does no damage. The adder misses you.
You hit the adder.
The adder is heavily wounded.
The shadow imp closely misses you. The adder closely misses you.
You puncture the adder!
You kill the adder!
Cheibriados thoroughly appreciates the change of pace.
You feel sick.
You are no longer poisoned.
The shadow imp closely misses you.
You puncture the ogre! You bite the ogre, but do no damage.
The ogre is moderately wounded.
The shadow imp completely misses you.
The ogre hits you with a +0 giant spiked club!
A water moccasin comes into view.
The water moccasin hisses angrily.
You puncture the ogre!
The ogre is severely wounded.
The shadow imp gestures at you.
You struggle to resist.
The ogre closely misses you.
You puncture the ogre!
The ogre is almost dead.
The shadow imp hits you but does no damage.
You barely miss the ogre.
The ogre is almost dead.
The shadow imp gestures at you. Pain shoots through your body!
The ogre barely misses you.
You are too injured to fight recklessly!
Unknown command.
As you read the scroll labelled SOMOGI MOYTS, it crumbles to dust.
It is a scroll of identify.
u - 3 scrolls of teleportation The shadow imp barely misses you.
The ogre hits you with a +0 giant spiked club!!
You die...

.#.......................#
.#..####+#######+#####...#
.#.## #.....# #...# .#.###
... #.....##...# ...#.##
... ∆ #..)..#.#.# ##.#..##
... #....#.#.# ##.'...##
... ##...'.#.#
...#....####o######..#.#.#
...#.....#.....#@###.#.#.#
...##....#..!..#O5####.#.#
...###...'.$.[.SJ.(###...#
...# #..#..$..#....##.###
...# #.#.....#.....#.#
...# ####'####....#.#
.#.'. .. ##...'.# <..#..
#.∆ ##..#.# ##.#.. ##.#.#


You could see a water moccasin, an ogre, a jelly and a shadow imp.

Vanquished Creatures
  2 sky beasts (D:6)
  A phantom (D:6)
  A scorpion (D:6)
  A howler monkey (D:6)
  A hound (D:4)
  A gnoll bouda (D:5)
  A jelly (D:4)
  2 iguanas
  2 orc wizards
  11 adders
  3 gnolls (D:5)
  2 river rats
  An ufetubus (D:5)
  3 worms
  2 dart slugs
  7 orcs
  7 ball pythons
  8 endoplasms
  3 giant cockroaches (D:3)
  8 goblins
  9 hobgoblins
  6 jackals
  3 quokkas
  3 bats
  12 frilled lizards
  11 kobolds
  8 rats
119 creatures vanquished.

Vanquished Creatures (others)
  6 plants (Sewer)
  3 withered plants (D:6)
9 creatures vanquished.

Grand Total: 128 creatures vanquished

Notes
Turn   | Place    | Note
-------+----------+-------------------------------------------
     0 | D:5      | Reached skill level 9 in Stealth
     0 | D:5      | leafyfresh the Gnoll Delver began the quest for the Orb.
     0 | D:5      | Reached XP level 1. HP: 23/23 MP: 1/1
     7 | D:5      | Found an opulent altar of Gozag.
     9 | D:5      | Found a snail-covered altar of Cheibriados.
    11 | D:5      | Found a hazy altar of Hepliaklqana.
    11 | D:5      | Found a white marble altar of Elyvilon.
    11 | D:5      | Found a bloodstained altar of Trog.
    35 | D:5      | Became a worshipper of Cheibriados the Contemplative
    71 | D:4      | Noticed a jelly
    74 | D:4      | Found a glowing golden altar of the Shining One.
    86 | D:4      | Killed a jelly
    87 | D:4      | Reached XP level 2. HP: 21/29 MP: 1/3
    87 | D:4      | Reached XP level 3. HP: 25/35 MP: 1/4
   234 | D:4      | Reached skill level 1 in Invocations
   350 | D:4      | Reached skill level 1 in Long Blades
   350 | D:4      | Reached skill level 1 in Axes
   350 | D:4      | Reached skill level 1 in Maces & Flails
   350 | D:4      | Reached skill level 1 in Polearms
   350 | D:4      | Reached skill level 1 in Staves
   350 | D:4      | Reached skill level 1 in Ranged Weapons
   350 | D:4      | Reached skill level 1 in Throwing
   350 | D:4      | Reached skill level 1 in Armour
   350 | D:4      | Reached skill level 1 in Shields
   350 | D:4      | Reached skill level 1 in Unarmed Combat
   350 | D:4      | Reached skill level 1 in Spellcasting
   350 | D:4      | Reached skill level 1 in Evocations
   350 | D:4      | Reached XP level 4. HP: 41/41 MP: 5/5
   381 | D:4      | Reached skill level 1 in Conjurations
   381 | D:4      | Reached skill level 1 in Hexes
   381 | D:4      | Reached skill level 1 in Summonings
   381 | D:4      | Reached skill level 1 in Necromancy
   381 | D:4      | Reached skill level 1 in Translocations
   381 | D:4      | Reached skill level 1 in Transmutations
   381 | D:4      | Reached skill level 1 in Fire Magic
   381 | D:4      | Reached skill level 1 in Ice Magic
   381 | D:4      | Reached skill level 1 in Air Magic
   381 | D:4      | Reached skill level 1 in Earth Magic
   381 | D:4      | Reached skill level 1 in Poison Magic
   659 | D:4      | Found a broken altar of Ashenzari.
   661 | D:4      | Found a burning altar of Makhleb.
  1021 | D:3      | Found a stormy altar of Qazlal.
  1029 | D:3      | Reached * piety under Cheibriados
  1076 | D:3      | Reached XP level 5. HP: 30/47 MP: 2/7
  1184 | D:3      | Found a glowing drain.
  1200 | Sewer    | Entered a sewer
  1413 | Sewer    | Reached ** piety under Cheibriados
  1973 | D:3      | Found a radiant altar of Vehumet.
  2266 | D:2      | Found a sparkling altar of Nemelex Xobeh.
  2440 | D:2      | Reached XP level 6. HP: 52/53 MP: 2/8
  2698 | D:2      | Reached *** piety under Cheibriados
  3022 | D:3      | Reached skill level 5 in Short Blades
  3022 | D:3      | Reached skill level 5 in Dodging
  3213 | D:1      | Found a faded altar of an unknown god.
  3748 | D:1      | Learned a level 3 spell: Frozen Ramparts
  3883 | D:3      | Got the Tractate on Toxicity and Curses
  4735 | D:5      | Noticed AverageBear's ghost (amateur DsFi)
  4759 | D:5      | Reached **** piety under Cheibriados
  4835 | D:5      | Found a staircase to the Ecumenical Temple.
  4907 | D:5      | Found a runed translucent door.
  5360 | D:6      | Learned a level 3 spell: Mephitic Cloud
  5361 | D:6      | Found an ancient bone altar of Kikubaaqudgha.
  5381 | D:6      | Reached XP level 7. HP: 55/60 MP: 3/10
  5482 | D:6      | Reached skill level 10 in Stealth
  5518 | D:6      | Found a basalt altar of Yredelemnul.
  5587 | D:6      | Slain by an ogre

Illustrated notes

Levels and vault maps discovered:
D:1:      lightli_arrival_quake, layout_basic,
          hellmonk_ecumenical_altar_run_dry, hex_tiny
D:2:      layout_basic, basic_altar
D:3:      layout_basic, vehumet_altar_wand_db, nicolae_qazlal_general_emergency,
          portal_sewer_entry_e, minmay_goblin_outpost
D:4:      layout_loops_ring, tso_altar, nicolae_overflow_squiral
D:5:      layout_gridville, grunt_temple_overflow_open,
          minmay_temple_entry_statues_fountains, hellmonk_ghost_happy_afterlife
D:6:      layout_basic, general_overflow_altar, kiku_gazebo_garden_becter,
          nicolae_sextant, minmay_quadrilaterals

Skill      XL: |  1  2  3  4  5  6  7 |
---------------+----------------------+-----
Stealth        | 10 | 10.0
Invocations    | 1 2 3 |  3.2
Long Blades    | 1 2 |  2.9
Axes           | 1 2 |  2.9
Maces & Flails | 1 2 |  2.9
Polearms       | 1 2 |  2.9
Staves         | 1 2 |  2.9
Ranged Weapons | 1 2 |  2.9
Throwing       | 1 2 |  2.9
Armour         | 1 2 |  2.9
Shields        | 1 2 |  2.9
Unarmed Combat | 1 2 |  2.9
Spellcasting   | 1 2 |  2.9
Evocations     | 1 2 |  2.9
Conjurations   | 1 2 |  2.3
Hexes          | 1 2 |  2.3
Summonings     | 1 2 |  2.3
Necromancy     | 1 2 |  2.3
Translocations | 1 2 |  2.3
Transmutations | 1 2 |  2.3
Fire Magic     | 1 2 |  2.3
Ice Magic      | 1 2 |  2.3
Air Magic      | 1 2 |  2.3
Earth Magic    | 1 2 |  2.3
Poison Magic   | 1 2 |  2.3
Short Blades   | 5 |  5.4
Dodging        | 5 |  5.4
Fighting       | 7 |  7.2

Action                   |  1- 3 |  4- 6 |  7- 9 || total
-------------------------+-------+-------+-------++-------
Melee: Short sword       |    10 |    11 |       ||    21
       Bite              |     2 |    20 |     5 ||    27
       Spear             |       |   266 |    37 ||   303
       Punch             |       |     2 |     1 ||     3
  Use: Scroll            |       |     1 |     1 ||     2
 Stab: Sleeping          |     3 |    36 |     5 ||    44
       Distracted        |       |     2 |       ||     2
Armor: Leather armour    |     2 |    29 |     9 ||    40
Dodge: Dodged            |     2 |   160 |    32 ||   194
